 Dungeon Crawl Stone Soup version 0.27-a0-1217-g8a41f320e8 (webtiles) character file.

Game seed: 7556912509853298061

325 Glokmah the Skirmisher (level 6, 0/49 HPs)
             Began as a Formicid Abyssal Knight on June 6, 2021.
             Was a Believer of Lugonu.
             Succumbed to Jessica's poison
             ... on level 3 of the Dungeon.
             The game lasted 00:06:17 (4365 turns).

Glokmah the Skirmisher (Formicid Abyssal Knight)    Turns: 4365, Time: 00:06:18

Health: 0/49       AC:  4    Str: 16    XL:     6   Next: 78%
Magic:  9/9        EV: 11    Int: 12    God:    Lugonu [**....]
Gold:   118        SH:  0    Dex: 12    Spells: 5/5 levels left

rFire    . . .     SeeInvis +   c - +1 short sword (venom)
rCold    . . .     Faith    .   (no shield)
rNeg     . . .     Spirit   .   l - +0 leather armour
rPois    .         Reflect  .   (helmet unavailable)
rElec    .         Harm     .   (no cloak)
rCorr    .         Rampage  .   i - +0 pair of gloves
Will     .....                  (no boots)
Stlth    +.........             (no amulet)
HPRegen  0.16/turn              (no ring)
MPRegen  0.11/turn              (no ring)

@: mighty, lethally poisoned (0 -> -3)
A: permanent stasis, dig shafts and tunnels, antennae 3, four strong arms
a: Dig, Shaft Self, Renounce Religion, Depart the Abyss, Bend Space


You were on level 3 of the Dungeon.
You worshipped Lugonu.
Lugonu was pleased with you.
You visited 1 branch of the dungeon, and saw 3 of its levels.
You visited the Abyss 1 time.

You collected 118 gold pieces.

Inventory:

Hand Weapons
 a - a +1 hand axe
 b - a +0 spear
 c - a +1 short sword of venom (weapon)
Missiles
 e - 2 curare-tipped darts
 f - 14 poisoned darts (quivered)
Armour
 i - a +0 pair of gloves (worn)
 l - a +0 leather armour (worn)
Scrolls
 h - a scroll of enchant armour {unknown}
 j - a scroll of fear {unknown}


   Skills:
 + Level 4.7 Fighting
 - Level 3.5(4.1) Axes
 * Level 3.0(3.9) Polearms
 - Level 2.1 Armour
 - Level 0.8 Dodging
 + Level 4.3 Invocations


You had 5 spell levels left.
You didn't know any spells.
Your spell library was empty.

Dungeon Overview and Level Annotations

Branches:
Dungeon (3/15)

Altars:

Shops:
D:2 :


Innate Abilities, Weirdness & Mutations

You cannot be hasted, slowed, berserked, paralysed or teleported.
You can dig through walls and to a lower floor.
You have a pair of large antennae on your head. (SInv)
Your four strong arms can wield two-handed weapons with a shield.


Message History

Jessica casts a spell at you.
You easily resist.
Throw: 15 darts (poison)
Press: ? - help, Q - select action, (/) - cycle Shift-Dir - straight line, f/p - Jessica
Aim: Jessica, wielding a +2 dagger of venom and wearing a +0 robe (severely wounded, fast, 59% to hit)
You throw a poisoned dart.
The poisoned dart barely misses Jessica.
You feel sick. The bat hits you.
* * * LOW HITPOINT WARNING * * *
Unknown command.
You closely miss Jessica.
Jessica is severely wounded.
You feel sick. The bat barely misses you. Jessica hits you but does no damage.
You are lethally poisoned!
Jessica barely misses you.
You puncture Jessica!
You kill Jessica!
Lugonu accepts your kill.
* * * LOW HITPOINT WARNING * * *
You feel very sick. The bat hits you but does no damage.
The bat closely misses you.
Your Polearms skill increases to level 3!
You barely miss the bat.
* * * LOW HITPOINT WARNING * * *
You feel very sick. The bat hits you but does no damage.
The bat completely misses you.
Unknown command.
You aren't carrying any potions.
Okay, then.
* * * LOW HITPOINT WARNING * * *
You feel sick. The bat barely misses you.
Things that are here:
a +2 dagger of venom; a +0 robe
* * * LOW HITPOINT WARNING * * *
You feel sick. The bat barely misses you.
* * * LOW HITPOINT WARNING * * *
You feel sick. The bat hits you but does no damage.
* * * LOW HITPOINT WARNING * * *
You feel sick. The bat hits you but does no damage.
You die...

#'# .. #.# ## #.# +
###.# # . >..#+### #
...###..((..#
#.........# #
#......# ####
#.##@....)## ...###
..........b.....
......
.....#......#####...#
.... #(.............#
... #.......###....#
....# .. ###.#.#.#
#.#+## ....# .
#.#.#.# #.# ....# ###
#.#.#.###.# ....# {
##<## #......<..#


You could see a bat.

Vanquished Creatures
  A water moccasin (D:3)
  An ogre (D:2)
  Jessica (D:3)
  5 gnolls (D:3)
  2 worms (D:2)
  A dart slug (D:1)
  4 ball pythons
  4 bats
  9 endoplasms
  5 giant cockroaches
  4 goblins
  5 hobgoblins
  2 jackals (D:1)
  2 kobolds (D:2)
  2 quokkas
  4 frilled lizards
  6 rats
58 creatures vanquished.

Notes
Turn   | Place    | Note
-------+----------+-------------------------------------------
     0 | Abyss:1  | Glokmah the Formicid Abyssal Knight began the quest for the
                  | Orb.
     0 | Abyss:1  | Reached XP level 1. HP: 18/18 MP: 2/2
    38 | Abyss:1  | Noticed a harpy
    41 | D:1      | Escaped the Abyss
   217 | D:1      | Reached XP level 2. HP: 8/24 MP: 3/3
   958 | D:1      | Reached * piety under Lugonu
  1016 | D:1      | Reached XP level 3. HP: 28/29 MP: 4/4
  1754 | D:2      | Found Dacarum's Book Emporium.
  1988 | D:2      | Reached XP level 4. HP: 36/37 MP: 6/6
  1998 | D:2      | Found a faded altar of an unknown god.
  2682 | D:3      | Reached ** piety under Lugonu
  3156 | D:3      | Reached XP level 5. HP: 4/42 MP: 7/7
  3531 | D:3      | Noticed a water moccasin
  3549 | D:3      | Killed a water moccasin
  3550 | D:3      | Reached XP level 6. HP: 12/49 MP: 7/9
  3790 | D:3      | Noticed an ogre
  3790 | D:3      | Noticed Jessica
  4260 | D:2      | Killed an ogre
  4359 | D:3      | Killed Jessica
  4363 | D:3      | HP: 2/49 [poisoned by Jessica]
  4365 | D:3      | Succumbed to Jessica's poison

Illustrated notes

Levels and vault maps discovered:
D:1:      lemuel_arrival_rhombus, layout_basic
D:2:      layout_basic, serial_shops, shop, ebering_ecumenical_altar_hall,
          minmay_tetromino_t2
D:3:      layout_basic, grunt_ministairs_5, uniq_jessica

Skill      XL: |  1  2  3  4  5  6 |
---------------+-------------------+-----
Axes           | 3 |  3.5
Invocations    | 3 4 |  4.3
Fighting       | 4 |  4.7
Polearms       | 2 3 |  3.0
Armour         | |  2.1
Dodging        | |  0.8

Action                   |  1- 3 |  4- 6 || total
-------------------------+-------+-------++-------
Melee: Hand axe          |   105 |       ||   105
       Short sword       |    11 |    67 ||    78
Throw: Dart              |       |    24 ||    24
Invok: Depart the Abyss  |     1 |       ||     1
       Bend Space        |       |     4 ||     4
 Abil: Dig               |       |     1 ||     1
  Use: Potion            |       |     3 ||     3
Armor: Leather armour    |    26 |    15 ||    41
Dodge: Dodged            |    68 |    61 ||   129

Table legend: (Time is in decaauts)
 A = Elapsed time spent in this place.
 B = Non-inter-level travel time spent in this place.
 C = Inter-level travel time spent in this place.
 D = Time resting spent in this place.
 E = Time spent auto-exploring this place.
 F = Levels seen in this place.
 G = Mean time per level.
                   A        B        C        D        E       F      G
               +--------+--------+--------+--------+--------+-----+--------+
         Total |   4392 |   4190 |    202 |    845 |   2556 |   4 | 1098.0 |
       Dungeon |   4351 |   4149 |    202 |    845 |   2556 |   3 | 1450.3 |
         Abyss |     41 |     41 |      0 |      0 |      0 |   1 |   41.0 |
               +--------+--------+--------+--------+--------+-----+--------+

Top non-repeatable levels by time:
     D:1: 1729 daAuts
     D:3: 1326 daAuts
     D:2: 1295 daAuts
 Abyss:1: 41 daAuts
